 Dungeon Crawl Stone Soup version 0.21.1-1-g345015f (webtiles) character file.

48 RollingDesktops the Grasshopper (level 3, -3/31 HPs)
             Began as a Gnoll Warper on Feb 5, 2018.
             Slain by a worm (4 damage)
             ... on level 2 of the Dungeon.
             The game lasted 00:06:37 (1202 turns).

RollingDesktops the Grasshopper (Gnoll Warper)      Turns: 1202, Time: 00:06:39

Health: -3/31      AC:  6    Str: 13    XL:     3   Next: 72%
Magic:  9/9        EV: 11    Int: 15    God:
Gold:   15         SH:  0    Dex: 15    Spells: 12/12 levels left

rFire    . . .     SeeInvis .   a - +0 falchion
rCold    . . .     Gourm    .   (no shield)
rNeg     . . .     Faith    .   l - +0 scale mail
rPois    .         Spirit   .   (no helmet)
rElec    .         Reflect  .   (no cloak)
rCorr    .         Harm     .   (no gloves)
MR       .....                  (no boots)
Stlth    ..........             (no amulet)
HPRegen  0.10/turn              (no ring)
MPRegen  0.11/turn              (no ring)

@: lethally poisoned (-3 -> -7), very slightly contaminated
A: distributed training, fangs 1, strong nose
a: no special abilities


You were on level 2 of the Dungeon.
You were not hungry.

You visited 1 branch of the dungeon, and saw 2 of its levels.

You collected 15 gold pieces.

Inventory:

Hand Weapons
 a - a +0 falchion (weapon)
Missiles
 e - 2 tomahawks of dispersal (quivered)
 m - 21 poisoned needles
Armour
 b - a +0 leather armour
 j - a +0 ring mail
 l - a +0 scale mail (worn)
Scrolls
 g - a scroll of teleportation {unknown}
 h - a scroll of remove curse
 i - 2 scrolls of amnesia {unknown}
Books
 c - a book of Spatial Translocations

   Spells                             Type                      Level
   a - Blink                          Translocation                2
   b - Shroud of Golubria             Charms/Translocation         2
   c - Lesser Beckoning               Translocation                3
   d - Gell's Gravitas                Translocation                3
   e - Teleport Other                 Translocation                3
   f - Passage of Golubria            Translocation                4
Comestibles
 f - 5 rations


   Skills:
 + Level 4.5 Fighting
 + Level 0.9 Short Blades
 + Level 4.5 Long Blades
 + Level 0.9 Axes
 + Level 0.9 Maces & Flails
 + Level 0.9 Polearms
 + Level 0.9 Staves
 + Level 0.9 Slings
 + Level 0.9 Bows
 + Level 0.9 Crossbows
 + Level 2.6 Throwing
 + Level 2.6 Armour
 + Level 4.5 Dodging
 + Level 0.9 Stealth
 + Level 0.9 Shields
 + Level 0.9 Unarmed Combat
 + Level 5.0 Spellcasting
 + Level 0.6 Conjurations
 + Level 0.6 Hexes
 + Level 0.6 Charms
 + Level 0.6 Summonings
 + Level 0.6 Necromancy
 + Level 5.4 Translocations
 + Level 0.6 Transmutations
 + Level 0.6 Fire Magic
 + Level 0.6 Ice Magic
 + Level 0.6 Air Magic
 + Level 0.6 Earth Magic
 + Level 0.6 Poison Magic
 + Level 1.0 Invocations
 + Level 0.9 Evocations


You had 12 spell levels left.
You didn't know any spells.

Dungeon Overview and Level Annotations

Branches:
Dungeon (2/15)

Altars:


Innate Abilities, Weirdness & Mutations

Your experience applies equally to all skills.
You have very sharp teeth.
Your uncanny sense of smell can sniff out nearby items.


Message History

You are very lightly contaminated with residual magic.
As you read the scroll of blinking, it crumbles to dust.
A bat and a worm come into view.
* * * LOW HITPOINT WARNING * * *
You feel sick. The bat closely misses you.
You riposte.
You hit the bat.
The bat is severely wounded.
You barely miss the bat.
The bat is severely wounded.
The bat hits you but does no damage.
You hit the bat.
You kill the bat!
* * * LOW HITPOINT WARNING * * *
You feel sick. The worker ant barely misses you.
Found a scroll labeled XUMEDO WUSYU.
You see here a bat corpse.
* * * LOW HITPOINT WARNING * * *
You feel sick. The worm barely misses you. The worm bites you.
You die...

#..#.####..#..(#
......# ## ###.#
#.## #.. #.# ..
##. #.# . . #.#
.# #g# #.#
##.########.###
.......@a†g...#
##..##.#w####.#
....?.. #
######+##


You could see a worm, a worker ant and a goblin.

Vanquished Creatures
  A gnoll (D:1)
  2 worms (D:2)
  A leopard gecko (D:2)
  A ball python (D:1)
  A giant cockroach (D:1)
  3 hobgoblins (D:1)
  3 jackals (D:1)
  6 bats
  2 frilled lizards
  4 goblins (D:1)
  7 rats
31 creatures vanquished.

Notes
Turn   | Place    | Note
-------+----------+-------------------------------------------
     0 | D:1      | RollingDesktops the Gnoll Warper began the quest for the Orb.
     0 | D:1      | Reached XP level 1. HP: 20/20 MP: 6/6
   127 | D:1      | Reached XP level 2. HP: 16/26 MP: 7/7
   720 | D:1      | Reached XP level 3. HP: 30/31 MP: 9/9
   727 | D:1      | Reached skill level 5 in Spellcasting
  1122 | D:2      | Reached skill level 1 in Invocations
  1201 | D:2      | HP: 1/31 [poisoned by a worker ant]
  1202 | D:2      | Slain by a worm

Skill      XL: |  1  2  3 |
---------------+----------+-----
Spellcasting   | 5 |  5.0
Invocations    | 1 |  1.0
Fighting       | |  4.5
Short Blades   | |  0.9
Long Blades    | |  4.5
Axes           | |  0.9
Maces & Flails | |  0.9
Polearms       | |  0.9
Staves         | |  0.9
Slings         | |  0.9
Bows           | |  0.9
Crossbows      | |  0.9
Throwing       | |  2.6
Armour         | |  2.6
Dodging        | |  4.5
Stealth        | |  0.9
Shields        | |  0.9
Unarmed Combat | |  0.9
Conjurations   | |  0.6
Hexes          | |  0.6
Charms         | |  0.6
Summonings     | |  0.6
Necromancy     | |  0.6
Translocations | |  5.4
Transmutations | |  0.6
Fire Magic     | |  0.6
Ice Magic      | |  0.6
Air Magic      | |  0.6
Earth Magic    | |  0.6
Poison Magic   | |  0.6
Evocations     | |  0.9

Action                   || total
-------------------------++-------
Melee: Falchion          ||    66
       Bite              ||    13
       Punch             ||     1
Throw: Tomahawk          ||     3
  Use: Scroll            ||     3
       Potion            ||     1
  Eat: Ration            ||     1
Armor: Leather armour    ||    10
       Ring mail         ||    29
       Scale mail        ||     5
Dodge: Dodged            ||   122
       Rpst.: Falchion   ||    41
